 Dungeon Crawl Stone Soup version 0.26-a0-651-gb41185065b (webtiles) character file.

Game seed: 7328929815035272068

(classic levelgen) 35 EnegeticOcto the Sneak (level 3, 16/33 HPs)
             Began as a Deep Dwarf Delver on Oct 24, 2020.
             Quit the game in the Ecumenical Temple.
             The game lasted 00:00:56 (167 turns).

EnegeticOcto the Sneak (Deep Dwarf Delver)           Turns: 167, Time: 00:00:57

Health: 16/33      AC:  8    Str: 16    XL:     3   Next: 17%
Magic:  3/3        EV:  7    Int: 10    God:
Gold:   29         SH:  0    Dex: 14    Spells: 2/2 levels left

rFire    . . .     SeeInvis .   a - +0 hand axe
rCold    . . .     Faith    .   (no shield)
rNeg     . . .     Spirit   .   k - +0 chain mail
rPois    .         Reflect  .   (no helmet)
rElec    .         Harm     .   (no cloak)
rCorr    .         Rampage  .   (no gloves)
MR       .....                  (no boots)
Stlth    ..........             (no amulet)
HPRegen  0.00/turn              (no ring)
MPRegen  0.08/turn              (no ring)

@: non-regenerating
A: damage resistance, heal wounds, sense surroundings 1, no regeneration
a: Heal Wounds


You were in the Ecumenical Temple.
You visited 2 branches of the dungeon, and saw 3 of its levels.

You collected 29 gold pieces.

Inventory:

Hand Weapons
 a - a +0 hand axe (weapon)
Missiles
 l - 2 silver boomerangs (quivered)
Armour
 b - a +0 leather armour
 i - a +0 scale mail
 k - a +0 chain mail (worn)
Wands
 g - a wand of digging (3) {@v3}
 h - a wand of acid (6) {@v1}
Scrolls
 c - a scroll of fog
 e - a scroll of fear
Potions
 d - a potion of degeneration {unknown}
 f - a potion of haste {@q4}
 j - 2 potions of curing {unknown}


   Skills:
 - Level 2.7 Fighting
 + Level 3.7 Axes
 - Level 2.3 Dodging
 - Level 6.1 Stealth


You had 2 spell levels left.
You didn't know any spells.
Your spell library was empty.

Dungeon Overview and Level Annotations

Branches:
Dungeon (6/15)             Temple (1/1) D:6

Altars:
Elyvilon
Hepliaklqana
Kikubaaqudgha
Nemelex Xobeh
Trog
Wu Jian
Yredelemnul
Zin
The Shining One


Innate Abilities, Weirdness & Mutations

You are resistant to damage.
You can heal yourself by infusing magical energy.
You passively map a small area around you.
You do not regenerate.


Message History

Your scale mail prevents you from hitting the adder skeleton.
The adder skeleton bites you. The orc hits you.
The adder skeleton bites you but does no damage.
You hit the orc but do no damage.
The orc is almost dead.
You hit the adder skeleton. The orc barely misses you.
The adder skeleton bites you but does no damage.
You hit the orc but do no damage.
The orc is almost dead.
You hit the adder skeleton but do no damage.
The orc hits you but does no damage. The adder skeleton barely misses you.
The orc hits you.
You closely miss the orc.
The orc is almost dead.
You hit the adder skeleton but do no damage.
The adder skeleton barely misses you. The orc hits you.
The adder skeleton barely misses you.
You hit the orc but do no damage.
The orc is almost dead.
You hit the adder skeleton. The orc misses you.
The adder skeleton closely misses you.
You hit the orc but do no damage.
The orc is almost dead.
You hit the adder skeleton. The orc hits you.
The adder skeleton barely misses you.
You hit the orc.
You kill the orc!
You hit the adder skeleton. The adder skeleton barely misses you.
The adder skeleton bites you.
You hit the adder skeleton.
The adder skeleton is almost destroyed.
The adder skeleton closely misses you.
You hit the adder skeleton.
You destroy the adder skeleton!
Things that are here:
a +0 chain mail; an orc corpse You start removing your armour.
You continue taking off your +0 scale mail. x4
You finish taking off your +0 scale mail.
You start putting on your armour.
You continue putting on your +0 chain mail. x5
You finish putting on your +0 chain mail.
Found a staircase to the Ecumenical Temple.
Found 2 silver boomerangs.
A centaur skeleton comes into view.
There is a fountain of clear blue water here.
Found a dyed leather armour.
You hit the centaur skeleton but do no damage.
The centaur skeleton hits you but does no damage.
You hit the centaur skeleton.
The centaur skeleton is lightly damaged.
The centaur skeleton hits you but does no damage.
The centaur skeleton closely misses you.
You hit the centaur skeleton.
The centaur skeleton is moderately damaged.
The centaur skeleton barely misses you.
You completely miss the centaur skeleton.
The centaur skeleton is moderately damaged.
The centaur skeleton hits you but does no damage. x2
You hit the centaur skeleton.
The centaur skeleton is heavily damaged.
The centaur skeleton barely misses you.
You hit the centaur skeleton.
The centaur skeleton is severely damaged.
The centaur skeleton hits you but does no damage. x2
You hit the centaur skeleton.
The centaur skeleton is severely damaged.
The centaur skeleton hits you.
You hit the centaur skeleton.
The centaur skeleton is almost destroyed.
The centaur skeleton hits you but does no damage.
The centaur skeleton hits you.
You hit the centaur skeleton.
The centaur skeleton is almost destroyed.
The centaur skeleton hits you but does no damage.
You hit the centaur skeleton.
You destroy the centaur skeleton!
Your Axes skill increases to level 3!
You have reached level 2!
You have reached level 3!
Your experience leads to an increase in your attributes!
Increase (s)trength, (i)ntelligence, or (d)exterity?
You feel stronger.
You see here 2 silver boomerangs.
l - 2 silver boomerangs
There is a staircase to the Ecumenical Temple here.
You climb downwards.
Welcome to the Ecumenical Temple!
There is a staircase back to the Dungeon here.
There is a staircase back to the Dungeon here.
You hit the plant but do no damage. You slash the plant!
The plant begins to die.
The plant is lightly damaged.
You open the gate.
A nearby plant withers and dies.
Found a basalt altar of Yredelemnul and a hazy altar of Hepliaklqana.
Found a bloodstained altar of Trog and a white marble altar of Elyvilon.
There is an open gate here.
Found a sparkling altar of Nemelex Xobeh.
Found two altars.
Found two altars.
Are you sure you want to abandon this character and quit the game? (Confirm with "yes".)

≈≈≈≈≈≈...♣.......P.......≈≈≈≈≈≈≈≈
≈≈≈≈≈.....................≈≈≈≈≈≈≈
≈≈≈≈....P.............♣....≈≈≈≈≈≈
≈≈≈.P..<....#######P..P....≈≈≈≈≈≈
≈≈≈..P....###.....###........≈≈≈≈
≈......P###....._...###.....P.≈≈≈
♣......##..._.........##.......≈≈
≈......# ._........_...'......≈≈≈
.......# ....⌠._@......'......≈≈≈
.......# ._........_...'......≈≈≈
.......# ..._.........##.......≈≈
≈....... ##....._...###.......≈≈≈
###.....### ,.....≈≈≈≈≈ , #######
,......≈≈≈≈≈ , .....≈≈≈≈≈ ≈ , ,
..≈≈≈≈≈ , , ≈ ≈


There were no monsters in sight!

Vanquished Creatures
  A centaur skeleton (D:6)
  An adder skeleton (D:6)
  An orc (D:6)
3 creatures vanquished.

Vanquished Creatures (others)
  A plant (Temple)
1 creature vanquished.

Grand Total: 4 creatures vanquished

Notes
Turn   | Place    | Note
-------+----------+-------------------------------------------
     0 | D:5      | EnegeticOcto the Deep Dwarf Delver began the quest for the
                  | Orb.
     0 | D:5      | Reached XP level 1. HP: 20/20 MP: 1/1
   112 | D:6      | Found a staircase to the Ecumenical Temple.
   126 | D:6      | Reached XP level 2. HP: 13/27 MP: 2/2
   126 | D:6      | Reached XP level 3. HP: 16/33 MP: 3/3
   134 | Temple   | Entered the Ecumenical Temple
   167 | Temple   | Quit the game

Illustrated notes

Levels and vault maps discovered:
D:5:      layout_basic, kennysheep_little_box, minitemple, serial_shops,
          nicolae_shop_overgrown_old_shop, shop, minmay_manual_mess, uniq_pikel
D:6:      layout_basic, minmay_temple_entry_antechambers,
          kennysheep_generic_room_3, uniq_grinder
Temple:   jpeg_temple_island

Skill      XL: |  1 |
---------------+----+-----
Axes           | 3 |  3.7
Fighting       | |  2.7
Dodging        | |  2.3
Stealth        | |  6.1

Action                   || total
-------------------------++-------
Melee: Hand axe          ||    28
  Use: Scroll            ||     1
Armor: Chain mail        ||     8
       Scale mail        ||     7
Dodge: Dodged            ||    15

Table legend: (Time is in decaauts)
 A = Elapsed time spent in this place.
 B = Non-inter-level travel time spent in this place.
 C = Inter-level travel time spent in this place.
 D = Time resting spent in this place.
 E = Time spent auto-exploring this place.
 F = Levels seen in this place.
 G = Mean time per level.
                   A        B        C        D        E       F      G
               +--------+--------+--------+--------+--------+-----+--------+
         Total |    172 |    172 |      0 |      0 |      0 |   3 |   57.3 |
       Dungeon |    139 |    139 |      0 |      0 |      0 |   2 |   69.5 |
        Temple |     33 |     33 |      0 |      0 |      0 |   1 |   33.0 |
               +--------+--------+--------+--------+--------+-----+--------+

Top non-repeatable levels by time:
     D:6: 138 daAuts
  Temple: 33 daAuts
     D:5: 1 daAuts
